 Dungeon Crawl Stone Soup version 0.18.1-48-g4cf74bf (webtiles) character file.

4092 barkey the Blocker (level 10, -1/88 HPs)
             Began as a Minotaur Berserker on Sept 11, 2016.
             Was a High Priest of Trog.
             Slain by an eight-headed hydra (3 damage)
             ... on level 8 of the Dungeon.
             The game lasted 00:33:36 (5446 turns).

barkey the Blocker (Minotaur Berserker)             Turns: 5446, Time: 00:33:38

Health: -1/88      AC: 18    Str: 24    XL:     10   Next: 5%
Magic:  9/9        EV: 10    Int:  4    God:    Trog [*****.]
Gold:   374        SH: 11    Dex: 11    Spells: 0 memorised, 9 levels left

rFire  + . .     SeeInvis .     k - +3 hand axe (chop)
rCold  . . .     Gourm    .     t - +3 chain mail
rNeg   . . .     Faith    .     l - +0 shield
rPois  .         Spirit   .     (helmet restricted)
rElec  .         Dismiss  .     g - +0 cloak
rCorr  .         Reflect  .     (no gloves)
SustAt .         Harm     .     (no boots)
MR     ++...                    s - amulet of magic regeneration
Stlth  ..........               e - ring of fire
                                w - ring of protection from cold

@: regenerating, very resistant to hostile enchantments, extremely unstealthy
A: retaliatory headbutt, horns 2, yellow scales 1, shaggy fur 1
a: Berserk, Trog's Hand, Brothers in Arms, Burn Spellbooks, Renounce Religion


You were on level 8 of the Dungeon.
You worshipped Trog.
Trog was extremely pleased with you.
You were very hungry.

You visited 1 branch of the dungeon, and saw 8 of its levels.

You collected 374 gold pieces.

Inventory:

Hand Weapons
 a - a +0 spear
 h - a +1 vampiric short sword
 k - a +3 hand axe of chopping (weapon)
 N - a +1 hand axe of flaming
Armour
 b - a +0 animal skin
 g - a +0 cloak (worn)
 l - a +0 shield (worn)
 t - a +3 chain mail (worn)
Jewellery
 d - an uncursed ring of loudness
 e - a ring of fire (right hand)
 o - an uncursed ring of protection from cold
 s - an amulet of magic regeneration (around neck)
 w - a ring of protection from cold (left hand)
 J - a +3 ring of dexterity {unknown}
Wands
 u - a wand of polymorph (18/24)
 y - a wand of iceblast (12/15)
Scrolls
 f - a scroll of enchant weapon
 n - 2 scrolls of remove curse
 r - a scroll of enchant armour {unknown}
 x - 5 scrolls of identify
 C - 2 scrolls of magic mapping
 E - a scroll of random uselessness {unknown}
 F - 3 scrolls of teleportation {unknown}
 H - a scroll of fear {unknown}
 K - 3 scrolls of recharging {unknown}
Potions
 j - a potion of magic {unknown}
 m - 2 potions of cancellation
 p - 2 potions of lignification {unknown}
 v - a potion of brilliance {unknown}
 z - a potion of ambrosia {unknown}
 A - a potion of berserk rage {unknown}
 B - 2 potions of curing {unknown}
 D - a potion of flight {unknown}
 G - 2 potions of might {unknown}
 L - a potion of cure mutation {unknown}
 M - a potion of haste {unknown}
Comestibles
 c - 4 bread rations
 i - 7 meat rations
 q - 7 slices of pizza
 I - a beef jerky
 O - 12 fruits


   Skills:
 + Level 7.9 Fighting
 + Level 6.9(7.5) Axes
 + Level 4.5(6.3) Polearms
 + Level 8.4 Armour
 + Level 6.7 Dodging
 + Level 1.1 Stealth
 + Level 8.9 Shields


You had 9 spell levels left.
You didn't know any spells.

Dungeon Overview and Level Annotations

Branches:
Dungeon (8/15)             Temple (0/1) D:6
   Lair: D:8-11

Altars:
Ashenzari
Dithmenos
Fedhas
Kikubaaqudgha
Makhleb
Nemelex Xobeh
Pakellas
Qazlal
Ru
Trog
Vehumet
Zin
The Shining One


Innate Abilities, Weirdness & Mutations

You reflexively headbutt those who attack you in melee.
You have a pair of horns on your head.
You are partially covered in yellow scales (AC +2).
You are covered in fur (AC +1).


Message History

The eight-headed hydra bites you.
You block the eight-headed hydra's attack.
The eight-headed hydra bites you but does no damage.
The eight-headed hydra bites you.
* * * LOW HITPOINT WARNING * * *
The eight-headed hydra bites you.
* * * LOW HITPOINT WARNING * * *
Your skin crawls.
You feel resistant to hostile enchantments.
You feel slightly more hungry. The eight-headed hydra bites you.
* * * LOW HITPOINT WARNING * * *
The eight-headed hydra barely misses you.
The eight-headed hydra bites you but does no damage.
You block the eight-headed hydra's attack.
The eight-headed hydra misses you. The eight-headed hydra bites you!
* * * LOW HITPOINT WARNING * * *
The eight-headed hydra bites you!
* * * LOW HITPOINT WARNING * * *
The eight-headed hydra bites you.
You die...

########## #....@DK.#
#.....#.)# ##'''###+#
#.....P≈.# ..#.......
#..P..≈≈P#
..#........#.....P≈≈#
..#........#...†††≈P#
.......#...#.≈.≈.≈PP######
.......#...####.#####....##


You could see an eight-headed hydra and a big kobold.

Vanquished Creatures
  The ghost of negitausen the Skirmisher, a novice DsBe of Trog (D:7)
  2 yaks (D:8)
  A wyvern (D:8)
  A hippogriff (D:7)
  3 orc warriors (D:7)
  2 eyes of draining (D:3)
  2 sky beasts
  2 ogres
  An ice beast (D:8)
  2 phantoms
  A centaur (D:6)
  2 big kobolds (D:8)
  Blork the orc (D:5)
  4 giant frogs
  6 killer bees (D:8)
  5 wights (D:7)
  4 crimson imps
  2 hounds
  A giant frog zombie (D:7)
  4 orc priests
  8 orc wizards
  A centaur skeleton (D:6)
  A jelly (D:6)
  2 worker ants
  2 sheep (D:8)
  A worker ant zombie (D:7)
  9 gnolls
  4 adders
  A shadow imp (D:5)
  An adder zombie (D:7)
  3 worms
  2 dart slugs
  2 giant geckos
  33 orcs
  5 ball pythons
  7 giant cockroaches
  9 goblins
  7 hobgoblins
  17 jackals
  5 kobolds
  5 quokkas
  5 bats
  10 rats
187 creatures vanquished.

Notes
Turn   | Place    | Note
--------------------------------------------------------------
     0 | D:1      | barkey the Minotaur Berserker began the quest for the Orb.
     0 | D:1      | Reached XP level 1. HP: 19/19 MP: 0/0
   264 | D:1      | Reached XP level 2. HP: 25/27 MP: 1/1
   823 | D:2      | Reached ** piety under Trog
   870 | D:2      | Reached XP level 3. HP: 22/34 MP: 2/2
   949 | D:2      | Found a sacrificial altar of Ru.
  1598 | D:3      | Reached XP level 4. HP: 41/41 MP: 3/3
  1598 | D:3      | Reached skill level 1 in Shields
  1705 | D:3      | Reached skill level 5 in Fighting
  1711 | D:3      | Reached XP level 5. HP: 38/48 MP: 4/4
  1717 | D:3      | Reached skill level 1 in Axes
  1763 | D:3      | Found a sparkling altar of Nemelex Xobeh.
  1791 | D:3      | Reached *** piety under Trog
  2077 | D:3      | Found a bloodstained altar of Trog.
  2077 | D:3      | Noticed an eye of draining
  2077 | D:3      | Noticed an eye of draining
  2095 | D:3      | Killed an eye of draining
  2095 | D:3      | Reached XP level 6. HP: 42/56 MP: 3/5
  2173 | D:3      | Found an oddly glowing altar of Pakellas.
  2338 | D:4      | Found a radiant altar of Vehumet.
  2340 | D:4      | Found a shadowy altar of Dithmenos.
  2340 | D:4      | Found a glowing silver altar of Zin.
  2340 | D:4      | Found an ancient bone altar of Kikubaaqudgha.
  2340 | D:4      | Found a shattered altar of Ashenzari.
  2341 | D:4      | Found a sacrificial altar of Ru.
  2368 | D:4      | Found a blossoming altar of Fedhas.
  2384 | D:4      | Reached XP level 7. HP: 55/61 MP: 6/6
  2394 | D:4      | Found a glowing golden altar of the Shining One.
  2396 | D:4      | Found a stormy altar of Qazlal.
  2426 | D:4      | Found a burning altar of Makhleb.
  3007 | D:4      | Reached **** piety under Trog
  3092 | D:5      | Entered Level 5 of the Dungeon
  3748 | D:5      | Noticed Blork the orc
  3761 | D:5      | Killed Blork the orc
  3914 | D:6      | Reached skill level 5 in Armour
  3914 | D:6      | Reached XP level 8. HP: 70/70 MP: 7/7
  3933 | D:6      | Reached skill level 5 in Dodging
  4029 | D:6      | Reached skill level 5 in Axes
  4039 | D:6      | Reached skill level 5 in Shields
  4263 | D:6      | Found a staircase to the Ecumenical Temple.
  4499 | D:6      | Gained mutation: Your mind is acute. (Int +2) [mutagenic meat]
  4500 | D:6      | Gained mutation: Potions and wands are less effective at restoring your health. [mutagenic meat]
  4501 | D:6      | Lost mutation: Your mind is acute. (Int +2) [mutagenic meat]
  4502 | D:6      | Gained mutation: You are partially covered in yellow scales (AC +2). [mutagenic meat]
  4503 | D:6      | Lost mutation: Potions and wands are less effective at restoring your health. [mutagenic meat]
  4504 | D:6      | Gained mutation: You are covered in fur (AC +1). [mutagenic meat]
  4569 | D:7      | Found a burning altar of Makhleb.
  4617 | D:7      | Reached skill level 1 in Stealth
  4620 | D:7      | Reached XP level 9. HP: 64/78 MP: 8/8
  4966 | D:7      | Noticed negitausen's ghost (novice DsBe)
  5018 | D:7      | Killed negitausen's ghost
  5291 | D:8      | Reached ***** piety under Trog
  5408 | D:8      | Reached XP level 10. HP: 68/88 MP: 9/9
  5439 | D:8      | Noticed a three-headed hydra
  5446 | D:8      | HP: 2/88 [eight-headed hydra (10)]
  5446 | D:8      | Slain by an eight-headed hydra

Skill      XL: |  1  2  3  4  5  6  7  8  9 |
---------------+----------------------------+-----
Fighting       | 4 5 6 7 |  7.9
Polearms       | 4 |  4.5
Shields        | 1 2 3 4 6 8 |  8.9
Dodging        | 3 4 5 6 |  6.7
Axes           | 2 3 4 6 |  6.9
Armour         | 3 4 5 6 8 |  8.4
Stealth        | 1 |  1.1

Action                   |  1- 3 |  4- 6 |  7- 9 | 10-12 || total
-------------------------+-------+-------+-------+-------++-------
Melee: Spear             |    39 |       |       |       ||    39
       Headbutt          |    15 |    22 |    80 |     3 ||   120
       Hand axe          |    37 |   119 |   329 |    10 ||   495
Invok: Berserk           |     1 |       |     2 |       ||     3
       Trog's Hand       |       |       |       |     1 ||     1
  Use: Scroll            |     1 |     5 |       |       ||     6
 Stab: Sleeping          |     1 |       |       |       ||     1
  Eat: Meat ration       |     1 |       |       |       ||     1
       Bread ration      |       |     1 |     1 |       ||     2
       Chunk             |       |       |     7 |       ||     7
       Royal jelly       |       |       |     1 |       ||     1
Armor: Animal skin       |    12 |       |       |       ||    12
       Chain mail        |       |    80 |   136 |    11 ||   227
Dodge: Dodged            |    39 |    43 |    99 |     6 ||   187
Block: Shield            |    19 |    62 |   169 |    11 ||   261
